[Event "*** Titled Tuesday Blitz"]
[Site "Chess.com"]
[Date "2020.04.14"]
[Round "8"]
[White "poliplaza"]
[Black "IvanRadivojevic"]
[Result "1/2-1/2"]
[WhiteElo "2391"]
[BlackElo "2516"]
[TimeControl "180+1"]
[EndTime "11:25:37 PDT"]
[Termination "Game drawn by agreement"]

1. d4 Nf6 2. c4 e6 3. Nc3 Bb4 4. Bd2 c5 5. e3 cxd4 6. exd4 d5 7. Nf3 Nc6 8. a3 Bxc3 9. Bxc3 O-O 10. Bd3 dxc4 11.
Bxc4 b6 12. O-O Bb7 13. Ne5 Rc8 14. Rc1 Nxe5 15. dxe5 Rxc4 16. exf6 gxf6 17. Bxf6 Qxd1 18. Rfxd1 Rxc1 19. Rxc1 Rc8 20. Rxc8+ Bxc8 1/2-1/2

[Event "*** Titled Tuesday Blitz"]
[Site "Chess.com"]
[Date "2020.04.14"]
[Round "8"]
[White "BaMBoMaTTo"]
[Black "Fighter008"]
[Result "1-0"]
[WhiteElo "2719"]
[BlackElo "2541"]
[TimeControl "180+1"]
[EndTime "11:25:44 PDT"]
[Termination "BaMBoMaTTo won by resignation"]

1. d4 Nf6 2. c4 g6 3. Nc3 Bg7 4.
e4 d6 5. Nf3 O-O 6. Be2 Nbd7 7.
O-O e5 8. Be3 Ng4 9. Bg5 f6 10.
Bh4 h5 11. h3 Nh6 12. dxe5 dxe5 13. b4 c6 14. c5 g5 15. Bg3 Qe8 16. Nd2 h4 17. Bh2 b5 18. a4 bxa4 19. Nc4 Nf7 20. Qxa4 Bb7 21. Na5 Nd8 22. Nxb7 Nxb7 23. Qxc6 Nd8 24.
Qxa8 1-0

[Event "*** Titled Tuesday Blitz"]
[Site "Chess.com"]
[Date "2020.04.14"]
[Round "8"]
[White "Quiet_Desperation"]
[Black "paradise10"]
[Result "1-0"]
[WhiteElo "1961"]
[BlackElo "2693"]
[TimeControl "180+1"]
[EndTime "11:26:00 PDT"]
[Termination "Quiet_Desperation won by checkmate"]

1. e4 c5 2. Nf3 Nc6 3. d4 cxd4 4. Nxd4 e5 5. Nb5 d6 6. N1c3 Nf6 7. Bg5 a6 8. Bxf6 gxf6 9. Na3 b5 10. Nd5 f5 11.
Bd3 Bg7 12. exf5 e4 13. Bxe4 Bxb2 14. O-O Bxa3 15. Re1 O-O 16. f6 Ne5 17. Bxh7+ Kh8 18. Qh5 Bg4 19. Qh6 Bc1 20. Qg7# 1-0

[Event "*** Titled Tuesday Blitz"]
[Site "Chess.com"]
[Date "2020.04.14"]
[Round "8"]
[White "checkmatequen"]
[Black "KingCrusher275"]
[Result "1-0"]
[WhiteElo "2218"]
[BlackElo "2347"]
[TimeControl "180+1"]
[EndTime "11:26:11 PDT"]
[Termination "checkmatequen won by resignation"]

1. e4 c5 2. Nf3 e6 3. d4 cxd4 4.
Nxd4 a6 5. Bd3 Nf6 6. O-O Qc7 7. Qe2 d6 8. c4 g6 9. Nc3 Bg7 10. Rd1 Nbd7 11. Nf3 O-O 12. Bf4 b6 13. Rac1 Bb7 14. Bb1 Ne5 15. Nxe5 dxe5 16. Bg5 Nd7 17. Be7 Rfe8 18.
Bd6 Qc6 19. Bc2 Rac8 20. Ba4 Qxc4 21. Qxc4 Rxc4 22. Bxd7 Rd8 23. Ba4 Rd4 24. Bc7 Rxd1+ 25. Rxd1 Rxd1+ 26. Bxd1 b5 27. a3 f5 28. exf5 exf5 29.
Bb3+ Kh8 30. Bd5 Bxd5 31. Nxd5 e4 32. b3 Bb2 33. a4 bxa4 34. bxa4 1-0

[Event "*** Titled Tuesday Blitz"]
[Site "Chess.com"]
[Date "2020.04.14"]
[Round "8"]
[White "atbenina64"]
[Black "Irishchessman16"]
[Result "1-0"]
[WhiteElo "2518"]
[BlackElo "2372"]
[TimeControl "180+1"]
[EndTime "11:26:16 PDT"]
[Termination "atbenina64 won by resignation"]

1. d4 f5 2. Nc3 Nf6 3. Bg5 e6 4. Nf3 Be7 5. Bxf6 Bxf6 6. e4 fxe4 7.
Nxe4 O-O 8. Bd3 Nc6 9. c3 d5 10. Nxf6+ Qxf6 11. Qe2 Bd7 12. O-O Rae8 13. Rae1 Re7 14.
Ne5 Nxe5 15. Qxe5 Qxe5 16. Rxe5 Be8 17. Rfe1 Kf7 18. f4 g6 19. g4 Bd7 20. Kg2 Ke8 21.
Kg3 Kd8 22. h4 Ref7 23. Rf1 Ke7 24. b4 Kd6 25. h5 gxh5 26. Rxh5 b6 27. Rxh7 c5 28.
bxc5+ bxc5 29. Rxf7 Rxf7 30. g5 Rf8 31. g6 Ke7 32.
Rh1 Kf6 33. Rh7 Be8 34. dxc5 Bxg6 35. Rh6 Rg8 36. c6 1-0

[Event "*** Titled Tuesday Blitz"]
[Site "Chess.com"]
[Date "2020.04.14"]
[Round "8"]
[White "VishnuPrasanna"]
[Black "TigrVShlyape"]
[Result "0-1"]
[WhiteElo "2706"]
[BlackElo "2870"]
[TimeControl "180+1"]
[EndTime "11:26:18 PDT"]
[Termination "TigrVShlyape won by resignation"]

1. d4 d5 2. c4 c6 3. Nf3 Nf6 4.
Nc3 a6 5. e3 g6 6. Be2 Bg7 7.
O-O O-O 8. b3 Bg4 9. Bb2 e6 10.
h3 Bxf3 11. Bxf3 Nbd7 12. Qe2 Qb6 13. Rfd1 Rfd8 14. Rac1 Qa7 15. g3 a5 16. Bg2 Nb6 17. Qd3 Nbd7 18. Ne2 Ne8 19. Nf4 a4 20. Bc3 axb3 21.
axb3 Qb6 22. Rb1 Ra2 23. Rd2 Rda8 24. Qe2 Rxd2 25. Qxd2 dxc4 26. Qc2 cxb3 27. Rxb3 Qc7 28. Bb4 e5 29. Nd5 cxd5 0-1

[Event "*** Titled Tuesday Blitz"]
[Site "Chess.com"]
[Date "2020.04.14"]
[Round "8"]
[White "JiaHaoxiang"]
[Black "lhavas"]
[Result "1-0"]
[WhiteElo "2602"]
[BlackElo "2411"]
[TimeControl "180+1"]
[EndTime "11:26:18 PDT"]
[Termination "JiaHaoxiang won by resignation"]

1. d4 Nf6 2. c4 e5 3. dxe5 Ne4 4. Nf3 d6 5. Nbd2 Bf5 6. Nxe4 Bxe4 7. e3 Nc6 8. Be2 dxe5 9. O-O f6 10. Qa4 Qe7 11.
Bd2 O-O-O 12. Bc3 g5 13. b4 Bd3 14. Bxd3 Rxd3 15. Rfc1 Kb8 16. c5 g4 17. Ne1 Rd5 18. b5 Nd8 19. b6 h5 20. Qxa7+ 1-0

[Event "*** Titled Tuesday Blitz"]
[Site "Chess.com"]
[Date "2020.04.14"]
[Round "8"]
[White "RodinMihail"]
[Black "freshfoodcompany"]
[Result "0-1"]
[WhiteElo "2465"]
[BlackElo "2248"]
[TimeControl "180+1"]
[EndTime "11:26:18 PDT"]
[Termination "freshfoodcompany won by resignation"]

1. e4 c5 2. Nf3 Nc6 3. d4 cxd4 4.
Nxd4 Nf6 5. Nc3 e5 6. Ndb5 d6 7. Bg5 a6 8. Na3 b5 9. Bxf6 gxf6 10. Nd5 Bg7 11. c3 Ne7 12. Ne3 Bb7 13. Qg4 Bh6 14. Nac2 d5 15. Rd1 Bc8 16. Qf3 Bb7 17. Qxf6 Ng6 18.
Nxd5 Bxd5 19. Rxd5 Qxf6 20. g3 Rd8 21. Nb4 Rxd5 22. Nxd5 Qf3 0-1

[Event "*** Titled Tuesday Blitz"]
[Site "Chess.com"]
[Date "2020.04.14"]
[Round "8"]
[White "muthaiahchess"]
[Black "hongnhung1234"]
[Result "0-1"]
[WhiteElo "2369"]
[BlackElo "2147"]
[TimeControl "180+1"]
[EndTime "11:26:26 PDT"]
[Termination "hongnhung1234 won by resignation"]

1. b3 e5 2. Bb2 d6 3. e3 f5 4. d4 Nc6 5. c4 Nf6 6. Nf3 e4 7. Nfd2 Be7 8. Nc3 O-O 9. Be2 Qe8 10.
a3 Qg6 11. Rg1 Qh6 12. h3 Bd7 13. Qc2 f4 14. d5 fxe3 15. fxe3 Qxe3 16. O-O-O Nd4 0-1

[Event "*** Titled Tuesday Blitz"]
[Site "Chess.com"]
[Date "2020.04.14"]
[Round "8"]
[White "ARMQUEEN"]
[Black "Skatchkov_V"]
[Result "0-1"]
[WhiteElo "2270"]
[BlackElo "2560"]
[TimeControl "180+1"]
[EndTime "11:26:30 PDT"]
[Termination "Skatchkov_V won by resignation"]

1. e4 e5 2. Nf3 d5 3. exd5 e4 4. Qe2 Nf6 5. d3 Qxd5 6. Nc3 Bb4 7. Bd2 Bxc3 8. Bxc3 O-O 9. Bxf6 exf3 10. Qe5 Qxe5+ 11. Bxe5 Re8 12. d4 f6 13. Bc4+ Kh8 14. O-O-O fxe5 15.
dxe5 Nc6 16. gxf3 Nxe5 17. Rhe1 Bf5 18. Be2 Rad8 19. Bb5 Rxd1+ 20. Rxd1 c6 21. Be2 Ng6 22. Bc4 Nh4 23. f4 Ng2 24. Rd4 Nh4 25. Bf7 Re1+ 26. Kd2 Nf3+ 0-1

[Event "*** Titled Tuesday Blitz"]
[Site "Chess.com"]
[Date "2020.04.14"]
[Round "8"]
[White "Zajdanek"]
[Black "Perecke"]
[Result "0-1"]
[WhiteElo "2339"]
[BlackElo "2211"]
[TimeControl "180+1"]
[EndTime "11:26:30 PDT"]
[Termination "Perecke won by resignation"]

1. f4 d5 2. Nf3 Nc6 3. b3 Nf6 4. Bb2 g6 5. e3 Bg7 6. Bb5 O-O 7. Bxc6 bxc6 8. Ne5 Bb7 9. d3 Nd7 10. Nd2 Nxe5 11.
fxe5 c5 12. O-O f6 13. exf6 Bxf6 14. Bxf6 exf6 15. Qg4 f5 16. Qg3 Rc8 17. Rf4 Qf6 18. Raf1 Qc3 19. Nf3 Qxc2 20. Ne5 Qc3 21. Rh4 Rf6 22. Ng4 fxg4 0-1

[Event "*** Titled Tuesday Blitz"]
[Site "Chess.com"]
[Date "2020.04.14"]
[Round "8"]
[White "Indianlad"]
[Black "Dynamikus"]
[Result "1-0"]
[WhiteElo "2968"]
[BlackElo "2755"]
[TimeControl "180+1"]
[EndTime "11:26:31 PDT"]
[Termination "Indianlad won by resignation"]

1. Nf3 d5 2. e3 Nf6 3. c4 e6 4. Nc3 c5 5. cxd5 Nxd5 6. Bc4 Nb6 7. Bb3 Nc6 8. d4 cxd4 9. exd4 Be7 10. O-O O-O 11. Re1 Bf6 12. Re4 Nd5 13. h4 Nxc3 14.
bxc3 b6 15. Ng5 Bb7 16. Qh5 h6 17. Rg4 Na5 18. Nxe6 fxe6 19. Bxe6+ Kh7 20. Qg6+ Kh8 21. Bf5 Kg8 22. Bxh6 1-0

[Event "*** Titled Tuesday Blitz"]
[Site "Chess.com"]
[Date "2020.04.14"]
[Round "8"]
[White "AliKa2810"]
[Black "ljuks68"]
[Result "1-0"]
[WhiteElo "2601"]
[BlackElo "2344"]
[TimeControl "180+1"]
[EndTime "11:26:34 PDT"]
[Termination "AliKa2810 won by resignation"]

1. d4 d5 2. c4 c6 3. cxd5 cxd5 4. Bg5 h6 5. Bh4 g5 6. Bg3 Nf6 7. Nc3 a6 8. e3 Nc6 9. Bd3 Bg7 10. Nf3 O-O 11. h4 g4 12. Ne5 h5 13. a3 e6 14.
Nxc6 bxc6 15. Be5 a5 16. Ne2 Nd7 17. Bxg7 Kxg7 18. Ng3 Nf6 19. Qc1 Bd7 20. e4 dxe4 21. Qg5+ Kh8 22. Qh6+ Kg8 23. Bxe4 Re8 24. Nxh5 Nxh5 25.
Bh7+ Kh8 26. Bg6+ Kg8 27. Qh7+ 1-0

[Event "*** Titled Tuesday Blitz"]
[Site "Chess.com"]
[Date "2020.04.14"]
[Round "8"]
[White "2nd_life"]
[Black "chiwii"]
[Result "1-0"]
[WhiteElo "2419"]
[BlackElo "2236"]
[TimeControl "180+1"]
[EndTime "11:26:35 PDT"]
[Termination "2nd_life won by resignation"]

1. e4 c5 2. Nf3 e6 3. c3 d5 4. exd5 exd5 5. d4 Nf6 6. Be3 cxd4 7. Bxd4 Nc6 8. Bxf6 Qxf6 9. Qxd5 Be6 10. Qg5 Be7 11.
Qxf6 Bxf6 12. Nbd2 O-O 13. Bc4 Rfe8 14. O-O-O Rac8 15. Bxe6 Rxe6 16. Rhe1 Rce8 17. Rxe6 Rxe6 18. Re1 Rxe1+ 19.
Nxe1 Ne5 20. h3 Kf8 21. Kc2 Ke7 22. Ne4 Ng6 23. Nxf6 Kxf6 24. g3 Ke5 25. Kd3 Kd5 26. f4 f5 27. Nc2 Ke6 28. Nd4+ Kf6 29. Kc4 b6 30. Kd5 Ne7+ 31. Kd6 h6 32. h4 a6 33. h5 b5 34. b3 g5 35. hxg6 Nxg6 36. c4 h5 37. cxb5 axb5 38. Nxb5 h4 39. gxh4 Nxf4 40.
Nd4 Nd3 41. a3 f4 42. b4 Ne5 43. b5 Nc4+ 44. Kc5 Nxa3 45. b6 Nb1 46. b7 Nd2 47. b8=Q Ne4+ 48. Kc6 f3 49. Qf4+ 1-0

[Event "*** Titled Tuesday Blitz"]
[Site "Chess.com"]
[Date "2020.04.14"]
[Round "8"]
[White "Mikhail_Biryukov"]
[Black "farzadbfd"]
[Result "0-1"]
[WhiteElo "2583"]
[BlackElo "2746"]
[TimeControl "180+1"]
[EndTime "11:26:40 PDT"]
[Termination "farzadbfd won by resignation"]

1. e4 e5 2. Nf3 Nc6 3. d4 exd4 4. Nxd4 Bc5 5. Nb3 Bb4+ 6. c3 Be7 7. Bd3 d6 8. N1d2 Nf6 9. Nf3 Bg4 10. Bf4 Ne5 11.
Bxe5 dxe5 12. O-O c6 13. Qe2 Qb6 14. h3 Bxf3 15. Qxf3 O-O 16. Bc4 a5 17. a4 Ne8 18.
Rad1 Nd6 19. Qe2 Rfd8 20. Kh2 h6 21. g3 Qc7 22. Nc1 Bg5 23. Nd3 Nxc4 0-1

[Event "*** Titled Tuesday Blitz"]
[Site "Chess.com"]
[Date "2020.04.14"]
[Round "8"]
[White "KarpovVadim"]
[Black "chenxiaoyuer"]
[Result "1/2-1/2"]
[WhiteElo "2409"]
[BlackElo "2129"]
[TimeControl "180+1"]
[EndTime "11:26:42 PDT"]
[Termination "Game drawn by agreement"]

1. Nf3 Nf6 2. c4 g6 3. Nc3 Bg7 4. e4 d6 5. d4 O-O 6. Be2 e5 7. O-O Nc6 8. dxe5 dxe5 9. Bg5 Qxd1 10. Rfxd1 Bg4 11. Nd5 Nxd5 12. cxd5 Bxf3 13. Bxf3 Nd4 14. Rac1 c6 15. dxc6 bxc6 16. Be3 Rab8 17. b3 Rb6 18. Bxd4 exd4 19. e5 Bxe5 20. Bxc6 Rc8 21. Be4 Rc3 22. g3 Ra6 23. Bb1 Rac6 24. Rxc3 dxc3 25. Bc2 Ra6 26. a4 Rd6 27. Rxd6 Bxd6 28. Kf1 a5 29. Ke2 Bb4 1/2-1/2

[Event "*** Titled Tuesday Blitz"]
[Site "Chess.com"]
[Date "2020.04.14"]
[Round "8"]
[White "WoolworthsManly"]
[Black "ZenBull"]
[Result "1-0"]
[WhiteElo "2673"]
[BlackElo "2103"]
[TimeControl "180+1"]
[EndTime "11:26:43 PDT"]
[Termination "WoolworthsManly won by resignation"]

1. e4 c5 2. Nf3 e6 3. d4 cxd4 4. Nxd4 Nc6 5. Nc3 Qc7 6. f4 a6 7. Nxc6 dxc6 8. e5 h5 9. Ne4 b5 10. a4 Bb7 11. Be3 Be7 12. Bc5 Rd8 13. Qe2 g6 14. Bxe7 Nxe7 15. Nd6+ Rxd6 16. exd6 Qxd6 17. Qd2 Qc5 18. b4 Qb6 19. Qf2 Qc7 20. Bd3 O-O 21. O-O Nd5 22. Qc5 Nxf4 23. axb5 Nxd3 24. cxd3 axb5 25.
Ra7 Qc8 26. Qe7 Ba8 27. Rxf7 1-0

[Event "*** Titled Tuesday Blitz"]
[Site "Chess.com"]
[Date "2020.04.14"]
[Round "8"]
[White "kasparicy"]
[Black "AcostaPablo"]
[Result "1-0"]
[WhiteElo "2357"]
[BlackElo "2488"]
[TimeControl "180+1"]
[EndTime "11:26:47 PDT"]
[Termination "kasparicy won by checkmate"]

1. e4 c5 2. Nf3 e6 3. d4 cxd4 4. Nxd4 a6 5. f4 Qc7 6. Bd3 Ne7 7. O-O Nec6 8. c3 Be7 9. Be3 O-O 10. Nd2 d6 11. Qh5 Nd7 12. Rf3 Nf6 13. Qh3 e5 14.
Nf5 exf4 15. Bxf4 Ne5 16. Bxe5 dxe5 17. Rg3 g6 18. Qh6 Ne8 19. Nf3 Bf6 20. Rh3 Bh4 21.
Rxh4 f6 22. Bc4+ Kh8 23. Qxf8# 1-0

[Event "*** Titled Tuesday Blitz"]
[Site "Chess.com"]
[Date "2020.04.14"]
[Round "8"]
[White "NDePinEsPeRG"]
[Black "827883"]
[Result "1-0"]
[WhiteElo "2892"]
[BlackElo "2094"]
[TimeControl "180+1"]
[EndTime "11:26:50 PDT"]
[Termination "NDePinEsPeRG won by resignation"]

1. e4 e5 2. Nf3 Nc6 3. Bb5 a6 4.
Ba4 Nf6 5. O-O Be7 6. d3 b5 7. Bb3 O-O 8. a4 b4 9. Nbd2 Bb7 10. Nc4 d6 11. Be3 a5 12. h3 h6 13. Qe2 Re8 14. Rae1 Bf8 15. Nfd2 d5 16. exd5 Nxd5 17. Qg4 Qf6 18. Ne4 Qe6 19. Qxe6 Rxe6 20. Bc5 Bc8 21. Ncd2 Nf4 22. Bxe6 Nxe6 23. Bxf8 Kxf8 24. Nb3 Ned4 25.
Nxd4 Nxd4 26. c3 Nc6 27. f4 Rb8 28. fxe5 Nxe5 29. Nc5 Nc6 30. d4 Be6 31. Rxe6 1-0

[Event "*** Titled Tuesday Blitz"]
[Site "Chess.com"]
[Date "2020.04.14"]
[Round "8"]
[White "RaunakSadhwani2005"]
[Black "ehrenfeld"]
[Result "1-0"]
[WhiteElo "2791"]
[BlackElo "2469"]
[TimeControl "180+1"]
[EndTime "11:26:51 PDT"]
[Termination "RaunakSadhwani2005 won by resignation"]

1. c4 e5 2. Nc3 d6 3. g3 f5 4. Bg2 Nf6 5. Nf3 Be7 6. d4 e4 7.
Ng5 c6 8. d5 O-O 9. O-O Na6 10.
b3 Ng4 11. Nh3 Bf6 12. Bb2 Nc7 13. Nf4 Ne5 14. f3 exf3 15. exf3 c5 16. Re1 Bd7 17.
Nh5 Be7 18. Rxe5 dxe5 19. d6 Be8 20. dxe7 Qxe7 21. f4 Rd8 22. Nd5 Nxd5 23. Bxd5+ Bf7 24. Bxe5 Bxd5 25. cxd5 g6 26. d6 Qe6 27. Ng7 Qf7 28. h4 h5 29. Qf3 Rxd6 30. Bxd6 Qxg7 31.
Be5 1-0

[Event "*** Titled Tuesday Blitz"]
[Site "Chess.com"]
[Date "2020.04.14"]
[Round "8"]
[White "MokshAD1603"]
[Black "dukicz123"]
[Result "1-0"]
[WhiteElo "2352"]
[BlackElo "2532"]
[TimeControl "180+1"]
[EndTime "11:26:51 PDT"]
[Termination "MokshAD1603 won by resignation"]

1. d4 Nf6 2. c4 g6 3. Nc3 Bg7 4. g3 O-O 5. Bg2 d6 6. Nf3 Nc6 7. O-O a6 8. Bf4 h6 9. Rc1 Rb8 10. h3 b5 11. Nd5 bxc4 12. Nxf6+ exf6 13. Rxc4 Nb4 14. Qd2 Nd5 15. Bxh6 Bxh6 16. Qxh6 Rxb2 17. Nh4 Ne7 18. Rfc1 Rxa2 19. Rxc7 Rxe2 20. Rxc8 Nxc8 21. Nxg6 fxg6 22. Qxg6+ Kh8 23. Qh5+ 1-0

[Event "*** Titled Tuesday Blitz"]
[Site "Chess.com"]
[Date "2020.04.14"]
[Round "8"]
[White "IAgrest"]
[Black "Kumi29"]
[Result "1-0"]
[WhiteElo "2280"]
[BlackElo "2391"]
[TimeControl "180+1"]
[EndTime "11:26:59 PDT"]
[Termination "IAgrest won on time"]

1. e4 e5 2. Nf3 Nc6 3. Bb5 a6 4. Ba4 f5 5. exf5 e4 6. Qe2 Nf6 7. O-O b5 8. Bb3 d5 9. d3 Bxf5 10. dxe4 dxe4 11. Nc3 Be7 12. Rd1 1-0

[Event "*** Titled Tuesday Blitz"]
[Site "Chess.com"]
[Date "2020.04.14"]
[Round "8"]
[White "BojanR1"]
[Black "Klavdia_Nik"]
[Result "0-1"]
[WhiteElo "2320"]
[BlackElo "2169"]
[TimeControl "180+1"]
[EndTime "11:27:05 PDT"]
[Termination "Klavdia_Nik won by resignation"]

1. d4 Nf6 2. c4 c5 3. Nf3 b6 4. Nc3 Bb7 5. d5 d6 6. e4 g6 7. Be2 Bg7 8. O-O O-O 9. a4 Na6 10. a5 Nb4 11. Re1 a6 12. Bf1 b5 13. cxb5 axb5 14.
Bxb5 Rxa5 15. Rxa5 Qxa5 16. h3 Ba6 17. Bxa6 Qxa6 18.
e5 Ne8 19. e6 f6 20. Qe2 Qxe2 21. Rxe2 Nc7 22. Rd2 Bh6 23. Rd1 Bxc1 24. Rxc1 Ncxd5 25. Nxd5 Nxd5 26. Ra1 Rb8 27. Ra2 Nf4 28. Ra7 Kf8 29.
b3 Nxe6 30. Nd2 Nd4 31. Nc4 Nxb3 32. h4 h5 33. Kh2 Nd4 34. Na5 Rb2 35. f4 Ra2 0-1

[Event "*** Titled Tuesday Blitz"]
[Site "Chess.com"]
[Date "2020.04.14"]
[Round "8"]
[White "Pittiplatsh"]
[Black "K1TTYGANG"]
[Result "1-0"]
[WhiteElo "2329"]
[BlackElo "2130"]
[TimeControl "180+1"]
[EndTime "11:27:06 PDT"]
[Termination "Pittiplatsh won by resignation"]

1. e4 e6 2. d4 d5 3. Nd2 c5 4. exd5 Qxd5 5. Ngf3 cxd4 6. Bc4 Qd6 7. O-O Nf6 8. Nb3 Nc6 9. Nbxd4 Nxd4 10. Nxd4 a6 11. Re1 Qc7 12. Bf1 Bd6 13. Nf5 Bxh2+ 14. Kh1 Bf4 15. Nxg7+ Kf8 16. Qf3 Bxc1 17. Qxf6 Qf4 18. Nxe6+ Bxe6 19. Qxh8+ Ke7 20. Qxa8 Qxf2 21. Qxb7+ Kf8 22.
Qb8+ Ke7 23. Raxc1 1-0

[Event "*** Titled Tuesday Blitz"]
[Site "Chess.com"]
[Date "2020.04.14"]
[Round "8"]
[White "gmkomarov"]
[Black "LizaSolovyova"]
[Result "1/2-1/2"]
[WhiteElo "2414"]
[BlackElo "2565"]
[TimeControl "180+1"]
[EndTime "11:27:14 PDT"]
[Termination "Game drawn by agreement"]

1. d4 f5 2. g3 Nf6 3. Bg2 e6 4.
c4 Be7 5. Nf3 O-O 6. O-O d6 7.
b3 Qe8 8. Bb2 Ne4 9. Nfd2 d5 10.
Nc3 c6 11. f3 Nxc3 12. Bxc3 Qg6 13. e4 f4 14. g4 h5 15. Qe2 Rf7 16. Kh1 Nd7 17.
Rg1 Nf6 18. Bh3 hxg4 19. Bxg4 Qh6 20. e5 Nh7 21. c5 Bd7 22. b4 Nf8 23. Nb3 Ng6 24. Na5 Rb8 25. Rab1 Nh4 26. a4 a6 27. Bd2 g5 1/2-1/2

[Event "*** Titled Tuesday Blitz"]
[Site "Chess.com"]
[Date "2020.04.14"]
[Round "8"]
[White "NFChess13"]
[Black "ketster"]
[Result "0-1"]
[WhiteElo "2430"]
[BlackElo "2296"]
[TimeControl "180+1"]
[EndTime "11:27:14 PDT"]
[Termination "ketster won by resignation"]

1. e4 e5 2. Nf3 Nc6 3. Bb5 a6 4. Bxc6 dxc6 5. Nc3 Bd6 6. d4 exd4 7. Qxd4 f6 8. Ne2 Bg4 9. Qd3 Ne7 10. h3 Bh5 11. Bf4 Bxf4 12. Nxf4 Qxd3 13. Nxd3 Bxf3 14. gxf3 b6 15. a4 a5 16. Ke2 c5 17. Ke3 Kf7 18. Rhg1 Rhe8 19. b3 Nf5+ 20. Kd2 Nd4 21. Rg3 Rad8 22.
Rag1 g6 23. h4 Rd7 24. Re1 Red8 25. Kc3 Nxc2 26. Kxc2 Rxd3 27. Re2 R3d4 28. f4 c4 29. Rc3 cxb3+ 30. Kxb3 Rb4+ 31. Ka3 c5 32. f3 Rdd4 33. e5 Rxa4+ 34. Kb3 Rdb4+ 35. Kc2 Ra2+ 36. Kd3 Rd4+ 37. Ke3 Rxe2+ 38. Kxe2 Rxf4 0-1

[Event "*** Titled Tuesday Blitz"]
[Site "Chess.com"]
[Date "2020.04.14"]
[Round "8"]
[White "Onwgs"]
[Black "albi1999"]
[Result "0-1"]
[WhiteElo "2411"]
[BlackElo "2592"]
[TimeControl "180+1"]
[EndTime "11:27:15 PDT"]
[Termination "albi1999 won by resignation"]

1. e4 c6 2. d4 d5 3. Nd2 dxe4 4.
Nxe4 Nf6 5. Nxf6+ exf6 6. c3 Bd6 7. Bd3 O-O 8. Qc2 Re8+ 9. Ne2 h5 10. Be3 Nd7 11. O-O-O Nf8 12. h3 Be6 13. Kb1 b5 14. Be4 Bd5 15. Bxd5 cxd5 16. Qb3 Bc7 17. Qxb5 Ne6 18.
Rhe1 Rb8 19. Qd3 Qd7 20. Bc1 Rb7 21. Qf5 Qb5 22. Qxh5 Reb8 23. Ng3 Bf4 24. Re3 Bxe3 25. fxe3 Qa4 26. Qxd5 Qxd1 0-1

[Event "*** Titled Tuesday Blitz"]
[Site "Chess.com"]
[Date "2020.04.14"]
[Round "8"]
[White "Darhild"]
[Black "Igrok3069"]
[Result "0-1"]
[WhiteElo "2693"]
[BlackElo "2624"]
[TimeControl "180+1"]
[EndTime "11:27:17 PDT"]
[Termination "Igrok3069 won by resignation"]

1. e4 c5 2. Nf3 e6 3. d4 cxd4 4. Nxd4 Nf6 5. Nc3 Nc6 6. Nxc6 bxc6 7. e5 Nd5 8. Ne4 Qc7 9. f4 Qb6 10. c4 Bb4+ 11. Ke2 f5 12. Nf2 Ba6 13. Kf3 Ne7 14.
Be3 Bc5 15. Bxc5 Qxc5 16. Qd6 Qb6 17. b3 c5 18. Rd1 Bb7+ 19. Kg3 Qxd6 20. Rxd6 g5 21.
fxg5 f4+ 22. Kg4 h5+ 23. Kh3 Ng6 24. Nd3 Rc8 25. Be2 Be4 26. Re1 Bf5+ 27. g4 hxg4+ 28.
Kg2 f3+ 0-1

[Event "*** Titled Tuesday Blitz"]
[Site "Chess.com"]
[Date "2020.04.14"]
[Round "8"]
[White "talman67"]
[Black "maxsergej"]
[Result "1-0"]
[WhiteElo "2513"]
[BlackElo "2229"]
[TimeControl "180+1"]
[EndTime "11:27:17 PDT"]
[Termination "talman67 won by resignation"]

1. e4 c5 2. Nf3 Nc6 3. d4 cxd4 4. Nxd4 g6 5. Nc3 Bg7 6. Be3 Nf6 7. Bc4 O-O 8. Bb3 a5 9. O-O a4 10. Nxa4 Nxe4 11.
Nb5 d6 12. Qe2 Nc5 13. Nxc5 dxc5 14. Rad1 Qa5 15. Bxc5 Bxb2 16. c4 Bf6 17. Rfe1 Be6 18. Qe3 Rac8 19. Bb6 Qb4 20. a3 Bg5 21. axb4 Bxe3 22.
Rxe3 Nxb4 23. Nc7 Bf5 24. Rxe7 Rfd8 25. Rxd8+ Rxd8 26. Nd5 Nc6 27. Bxd8 1-0

[Event "*** Titled Tuesday Blitz"]
[Site "Chess.com"]
[Date "2020.04.14"]
[Round "8"]
[White "Jospem"]
[Black "Guachiney"]
[Result "1-0"]
[WhiteElo "2910"]
[BlackElo "2848"]
[TimeControl "180+1"]
[EndTime "11:27:21 PDT"]
[Termination "Jospem won by resignation"]

1. c4 g6 2. g3 c5 3. Nc3 Bg7 4. Bg2 Nc6 5. d3 d6 6. e3 e5 7. Nge2 Nge7 8. O-O O-O 9. b3 Rb8 10. Bb2 Be6 11. Nd5 b5 12. Qd2 Qd7 13. Rac1 f5 14.
f4 bxc4 15. dxc4 Rfd8 16. Rfd1 Qc8 17. h3 Bf7 18. Kh2 h5 19. Bc3 a6 20. Ng1 Nxd5 21.
Bxd5 Bxd5 22. Qxd5+ Kh8 23. Nf3 Nb4 24. Bxb4 cxb4 25. Ng5 Rd7 26. c5 Rb5 27. Qe6 Rxc5 28. Rxc5 Qxc5 29. Qe8+ 1-0

[Event "*** Titled Tuesday Blitz"]
[Site "Chess.com"]
[Date "2020.04.14"]
[Round "8"]
[White "Kavyev_Ruslan"]
[Black "Shahinyan_ChessMood"]
[Result "0-1"]
[WhiteElo "2545"]
[BlackElo "2673"]
[TimeControl "180+1"]
[EndTime "11:27:22 PDT"]
[Termination "Shahinyan_ChessMood won by checkmate"]

1. d4 e6 2. c4 f5 3. g3 Nf6 4. Bg2 d5 5. Nh3 c6 6. O-O Bd6 7. Bf4 Be7 8. Be5 Nbd7 9. Nd2 Nxe5 10. dxe5 Nd7 11. Nf3 g5 12. Nd4 Nxe5 13. f4 Nxc4 14. fxg5 Ne3 15. Qd2 Nxf1 16. Rxf1 O-O 17. Nf3 Qb6+ 18.
Kh1 Qb4 19. Qc2 Qd6 20. Qc3 c5 21. e3 Bd7 22. Nf4 Bc6 23. Rd1 Rad8 24. Nh5 Rf7 25.
Ne5 d4 26. exd4 Qxe5 27. Bxc6 cxd4 28. Qd2 bxc6 29. Re1 Qd5+ 30. Kg1 d3 31. Nf4 Bc5+ 32. Kf1 Qh1# 0-1

[Event "*** Titled Tuesday Blitz"]
[Site "Chess.com"]
[Date "2020.04.14"]
[Round "8"]
[White "Mr_Sinigami"]
[Black "Rakesh"]
[Result "0-1"]
[WhiteElo "2570"]
[BlackElo "2415"]
[TimeControl "180+1"]
[EndTime "11:27:27 PDT"]
[Termination "Rakesh won by checkmate"]

1. Nf3 d6 2. d4 g6 3. c4 Bg7 4.
Nc3 Nf6 5. e4 O-O 6. Be2 e5 7. O-O Nc6 8. d5 Ne7 9. Ne1 Nd7 10. Be3 f5 11. f3 f4 12. Bf2 Nf6 13. c5 g5 14. Rc1 Ng6 15. cxd6 cxd6 16. Nb5 g4 17. Nc7 Rb8 18. Bxa7 g3 19. Bxb8 Nh5 20.
Ne6 gxh2+ 21. Kxh2 Qh4+ 22. Kg1 Bxe6 23. dxe6 Rxb8 24.
Qxd6 Re8 25. Bb5 Rd8 26. Bd7 Bf8 27. Qd5 Be7 28. Nd3 Ng3 29. Nxe5 Ne2# 0-1

[Event "*** Titled Tuesday Blitz"]
[Site "Chess.com"]
[Date "2020.04.14"]
[Round "8"]
[White "Tashik"]
[Black "mathapples"]
[Result "1-0"]
[WhiteElo "2542"]
[BlackElo "2330"]
[TimeControl "180+1"]
[EndTime "11:27:29 PDT"]
[Termination "Tashik won by resignation"]

1. c4 e6 2. Nc3 d5 3. d4 c6 4. Nf3 Nf6 5. Bg5 Nbd7 6. e3 Qa5 7. Nd2 dxc4 8. Bxf6 Nxf6 9. Nxc4 Qc7 10. Rc1 Be7 11.
Bd3 O-O 12. O-O Nd7 13. f4 f5 14. Qb3 Rf6 15. Ne5 Nxe5 16. fxe5 Rh6 17. Bxf5 Qd8 18. Rcd1 a5 19. Bb1 Qe8 20. Ne4 Qh5 21. h3 Qg6 22. Nf6+ gxf6 23. Bxg6 Rxg6 24. exf6 Bxf6 25. Rf3 Kg7 26. Rdf1 a4 27. Qb6 Bd7 28. Qc7 Rd8 29.
Rxf6 Rxf6 30. Rxf6 Kxf6 31. Qxd8+ 1-0